 Dungeon Crawl Stone Soup version 0.29.1-15-g9cfb28693d (webtiles) character file.

Game seed: 4903231882764791537

2944 Eitelfritz the Cleaver (level 9, 0/75 HPs)
             Began as a Minotaur Gladiator on Apr 28, 2023.
             Was a Believer of Uskayaw.
             Slain by a seven-headed hydra (10 damage)
             ... on level 7 of the Dungeon.
             The game lasted 00:13:58 (7635 turns).

Eitelfritz the Cleaver (Minotaur Gladiator)         Turns: 7635, Time: 00:13:58

Health: 0/75       AC: 15    Str: 21    XL:     9   Next: 51%
Magic:  11/11      EV: 13    Int:  7    God:    Uskayaw [**....]
Gold:   70         SH:  0    Dex: 12    Spells: 8/8 levels left

rFire   . . .      SeeInvis +   o - +1 morningstar (drain)
rCold   . . .      Faith    .   (no shield)
rNeg    . . .      Spirit   .   D - +4 ring mail of Polish {SInv}
rPois   .          Reflect  .   c - +0 hat
rElec   .          Harm     .   (no cloak)
rCorr   .          Rampage  .   x - +0 pair of gloves
Will    .....                   u - +2 pair of boots
Stlth   +.........              w - amulet of the acrobat
HPRegen 0.22/turn               (no ring)
MPRegen 0.12/turn               (no ring)

@: hasted, very quick
A: horns 2, retaliatory headbutt
a: Renounce Religion, Stomp, Line Pass


You were on level 7 of the Dungeon.
You worshipped Uskayaw.
Uskayaw was noncommittal.
You visited 2 branches of the dungeon, and saw 8 of its levels.

You collected 402 gold pieces.
You spent 332 gold pieces at shops.

Inventory:

Hand Weapons
 a - a +0 war axe of freezing
 b - a +0 arbalest
 h - the +12 quarterstaff of the Elven Halls {antimagic, Fly Str+4}
   (You found it on level 4 of the Dungeon)

   It reduces the magical energy of the wielder, and disrupts the spells and
   magical abilities of those it strikes.
   Natural abilities and divine invocations are not affected.
   Str:       It affects your strength (+4).
   Fly:       It grants you flight.
 i - a +0 long sword
 o - a +1 morningstar of draining (weapon)
Missiles
 d - 3 throwing nets
 e - 5 javelins
 p - 6 atropa-tipped darts (quivered)
 C - 5 boomerangs
 F - 8 poisoned darts
Armour
 c - a +0 hat (worn)
 t - a +2 ring mail of fire resistance
 u - a +2 pair of boots (worn)
 x - a +0 pair of gloves (worn)
 D - the +4 ring mail of Polish (worn) {SInv}
   (You bought it in a shop on level 1 of the Dungeon)

   SInv:      It lets you see invisible.
 H - +0 acid dragon scales
Jewellery
 m - an amulet of magic regeneration
 w - an amulet of the acrobat (around neck)
 B - a ring of magical power
 I - an amulet of regeneration
Wands
 s - a wand of roots (12)
 z - a wand of flame (8)
 G - a wand of acid (10)
Scrolls
 j - 3 scrolls of teleportation {unknown}
 n - 3 scrolls of blinking
 y - 2 scrolls of fear
 A - a scroll of immolation {unknown}
Potions
 f - 3 potions of brilliance
 g - a potion of heal wounds
 k - a potion of mutation {unknown}
 l - 5 potions of curing
 q - 2 potions of flight {unknown}
 r - 3 potions of haste
 v - 4 potions of berserk rage {unknown}
 E - a potion of degeneration {unknown}
Miscellaneous
 J - a phantom mirror
 K - a phial of floods


   Skills:
 + Level 6.1 Fighting
 + Level 4.0 Long Blades
 + Level 8.7(8.8) Axes
 + Level 1.4(5.6) Maces & Flails
 + Level 2.5 Throwing
 + Level 7.4 Armour
 + Level 5.6 Dodging
 + Level 2.5 Stealth
 * Level 4.5 Invocations


You had 8 spell levels left.
You didn't know any spells.
Your spell library contained the following spells:

 Spells                   Type           Power      Damage    Failure   Level
 Freeze                   Ice            0%         1d3       56%         1
 Magic Dart               Conj           0%         1d3       56%         1
 Call Imp                 Summ           0%         N/A       71%         2
 Scorch                   Fire           0%         2d5       71%         2
 Frozen Ramparts          Ice            0%         1d1       91%         3
 Inner Flame              Hex/Fire       0%         N/A       91%         3
 Mephitic Cloud           Conj/Pois/Air  0%         N/A       91%         3
 Stone Arrow              Conj/Erth      0%         3d7       91%         3
 Animate Armour           Summ/Erth      0%         N/A       100%        4
 Hailstorm                Conj/Ice       0%         3d3       100%        4
 Leda's Liquefaction      Hex/Erth       0%         N/A       100%        4
 Lee's Rapid Deconstruct  Erth           0%         3d5*      100%        5
 Statue Form              Tmut/Erth      0%         N/A       100%        6
 Malign Gateway           Summ/Tloc      0%         N/A       100%        7
 Ignition                 Fire           0%         3d3       100%        8
 Lehudib's Crystal Spear  Conj/Erth      0%         10d2      100%        8
 Summon Horrible Things   Summ           0%         N/A       100%        8


Dungeon Overview and Level Annotations

Branches:
Dungeon (7/15)             Temple (1/1) D:7

Altars:
Ashenzari
Cheibriados
Dithmenos
Elyvilon
Fedhas
Gozag
Hepliaklqana
Kikubaaqudgha
Makhleb
Nemelex Xobeh
Okawaru
Qazlal
Ru
Sif Muna
Uskayaw
Wu Jian
Xom
Yredelemnul
Zin
The Shining One

Shops:
D:1 *

Portals:
Abyss: D:7


Innate Abilities, Weirdness & Mutations

You have a pair of horns on your head.
You reflexively headbutt those who attack you in melee.


Message History

The seven-headed hydra bites you but does no damage.
The seven-headed hydra closely misses you.
The seven-headed hydra misses you.
The seven-headed hydra closely misses you.
The seven-headed hydra bites you!
The seven-headed hydra bites you but does no damage.
You puncture the seven-headed hydra!
Your headbutt misses the seven-headed hydra.
The seven-headed hydra is moderately wounded.
You can now pass through a line of other dancers.
Unknown command.
You puncture the seven-headed hydra! You drain the seven-headed hydra.
The seven-headed hydra is moderately wounded.
The seven-headed hydra bites you. The seven-headed hydra bites you!
* * * LOW HITPOINT WARNING * * *
The seven-headed hydra closely misses you.
The seven-headed hydra bites you but does no damage. x2
The seven-headed hydra closely misses you.
The seven-headed hydra barely misses you.
You barely miss the seven-headed hydra.
The seven-headed hydra is moderately wounded.
The seven-headed hydra bites you but does no damage.
The seven-headed hydra barely misses you.
The seven-headed hydra bites you but does no damage. x2
The seven-headed hydra misses you.
The seven-headed hydra bites you but does no damage.
The seven-headed hydra closely misses you.
You barely miss the seven-headed hydra.
The seven-headed hydra is moderately wounded.
The seven-headed hydra bites you but does no damage.
The seven-headed hydra bites you.
* * * LOW HITPOINT WARNING * * *
The seven-headed hydra closely misses you.
The seven-headed hydra bites you.
* * * LOW HITPOINT WARNING * * *
The seven-headed hydra barely misses you.
The seven-headed hydra bites you.
* * * LOW HITPOINT WARNING * * *
The seven-headed hydra bites you!
You die...

........<##.##### #..#
....###..J).)...#.
#.## # #
#..###'###...##.###.
#...##.#.#.##..##.....
##.##.......##..#...##
###.###.###.##.###.#
#..#|#.#[#..#..##.#
#.##.##...##.##..##.##
#'..@D.......'.......
#.##.##...##.##..##.##
#..#)#.#:#..#.....#
##.###.###.##..####
..# ##.......##...#
... ##.#.#.##..#.#
#... ###'###..##.#
...# #.....##....#####
..##
#..#.#..##.÷.....÷


You could see a seven-headed hydra (drained).

Vanquished Creatures
  A slime creature (D:7)
  A shadow (D:6)
  3 steam dragons
  3 water moccasins (D:7)
  An acid dragon (D:7)
  3 orc warriors (D:7)
  An ice beast (D:6)
  A sky beast (D:7)
  A black bear (D:7)
  An ogre (D:4)
  2 phantoms
  A necrophage (D:6)
  2 bullfrogs (D:7)
  5 scorpions
  3 hounds
  2 jellies (D:6)
  2 orc priests
  An iron imp (D:5)
  Jessica (D:3)
  An iguana (D:4)
  3 orc wizards
  6 adders
  2 shadow imps (D:6)
  A white imp (D:7)
  2 ufetubi
  4 dart slugs
  16 orcs
  5 endoplasms
  3 goblins
  8 hobgoblins
  4 jackals (D:2)
  4 kobolds
  6 quokkas
  7 ball pythons
  6 bats
  5 frilled lizards
  2 rats (D:3)
120 creatures vanquished.

Vanquished Creatures (others)
  2 lurking horrors (D:7)
2 creatures vanquished.

Grand Total: 122 creatures vanquished

Notes
Turn   | Place    | Note
-------+----------+-------------------------------------------
     0 | D:1      | Eitelfritz the Minotaur Gladiator began the quest for the
                  | Orb.
     0 | D:1      | Reached XP level 1. HP: 18/18 MP: 0/0
    90 | D:1      | Found Xyorph's Assorted Antiques.
   274 | D:1      | Reached XP level 2. HP: 23/25 MP: 1/1
   646 | D:1      | Found a faded altar of an unknown god.
  1327 | D:2      | Reached XP level 3. HP: 30/30 MP: 2/2
  1456 | D:2      | Reached skill level 1 in Maces & Flails
  1761 | D:2      | Found a burning altar of Makhleb.
  2367 | D:3      | Reached skill level 1 in Axes
  2367 | D:3      | Reached skill level 1 in Armour
  2440 | D:3      | Reached XP level 4. HP: 38/38 MP: 3/3
  2941 | D:3      | Noticed Jessica
  2947 | D:3      | Killed Jessica
  3093 | D:3      | Reached skill level 2 in Axes
  3093 | D:3      | Reached XP level 5. HP: 37/45 MP: 4/4
  3252 | D:2      | Reached skill level 3 in Axes
  3454 | D:1      | Bought a sedimented puce potion for 23 gold pieces
  3454 | D:1      | Bought a sedimented puce potion for 23 gold pieces
  3454 | D:1      | Bought a scroll labelled AFAJEA NEYDYUTS for 26 gold pieces
  3454 | D:1      | Bought a scroll labelled AFAJEA NEYDYUTS for 26 gold pieces
  3607 | D:4      | Noticed an ogre
  3615 | D:4      | Killed an ogre
  3616 | D:4      | Reached skill level 4 in Axes
  3616 | D:4      | Reached XP level 6. HP: 24/52 MP: 5/5
  3795 | D:4      | Identified the +12 quarterstaff of the Elven Halls
                  | {antimagic, Fly Str+4}
  4268 | D:4      | Found a hazy altar of Hepliaklqana.
  4304 | D:5      | Entered Level 5 of the Dungeon
  4384 | D:5      | Found an iron altar of Okawaru.
  4506 | D:5      | Found a hide-covered altar of Uskayaw.
  4631 | D:5      | Found a snail-covered altar of Cheibriados.
  4642 | D:5      | Reached skill level 5 in Axes
  4642 | D:5      | Reached XP level 7. HP: 57/60 MP: 6/6
  4766 | D:5      | Became a worshipper of Uskayaw the Reveller
  4968 | D:6      | Reached * piety under Uskayaw
  4993 | D:6      | Noticed a steam dragon
  5002 | D:6      | Reached ** piety under Uskayaw
  5003 | D:6      | Killed a steam dragon
  5003 | D:6      | Reached *** piety under Uskayaw
  5004 | D:6      | Reached skill level 1 in Invocations
  5005 | D:6      | Reached **** piety under Uskayaw
  5033 | D:6      | Reached skill level 6 in Axes
  5132 | D:6      | Reached skill level 1 in Stealth
  5351 | D:6      | Reached XP level 8. HP: 67/67 MP: 8/8
  5367 | D:6      | Reached skill level 5 in Fighting
  5367 | D:6      | Reached skill level 5 in Armour
  5851 | D:7      | Noticed a gargoyle
  5870 | D:6      | Reached skill level 7 in Axes
  6067 | D:7      | Noticed a slime creature
  6188 | D:1      | Bought an ichor-stained ring mail for 234 gold pieces
  6188 | D:1      | Identified the +4 ring mail of Polish {SInv} (You bought it
                  | in a shop on level 1 of the Dungeon)
  6296 | D:7      | Found a broken altar of Ashenzari.
  6333 | D:7      | Reached skill level 5 in Dodging
  6340 | D:7      | Reached ***** piety under Uskayaw
  6639 | D:7      | Found a stormy altar of Qazlal.
  6697 | D:7      | Found a staircase to the Ecumenical Temple.
  6705 | Temple   | Entered the Ecumenical Temple
  7002 | D:7      | Reached skill level 8 in Axes
  7002 | D:7      | Reached XP level 9. HP: 52/75 MP: 10/10
  7407 | D:7      | Got Diganec's Disquisition on the Blaze
  7452 | D:7      | Found a one-way gate to the infinite horrors of the Abyss.
  7624 | D:7      | Noticed a seven-headed hydra
  7635 | D:7      | Slain by a seven-headed hydra

Illustrated notes

Levels and vault maps discovered:
D:1:      lightli_arrival_flooded_house, layout_basic, serial_shops,
          nicolae_shop_behind_doors, hellmonk_ecumenical_altar_arch_garden
D:2:      cheibrodos_pilgrimage, layout_loops_ring, basic_altar
D:3:      wander_river, layout_basic, serial_curves, eino_curves_04,
          eino_curves_04, eino_curves_04, minivault_24, uniq_jessica
D:4:      layout_cave_pools, nzn_hepliaklqana_mist_gate
D:5:      layout_gridville, kennysheep_little_box, lemuel_round_altar,
          slow_altar_1
D:6:      layout_basic
D:7:      minmay_the_grid_octo_2x2 [minmay_the_grid_octo_thin_diamonds,
          minmay_the_grid_octo_checkerflower,
          minmay_the_grid_octo_tetromino_candy,
          minmay_the_grid_octo_prize_square_snowflake], layout_loops_ring,
          nicolae_overflow_crystal_walls, ashenzari_altar_1,
          grunt_qazlal_sundering, minmay_temple_entry_butterflies,
          amcnicky_altar_lugonu_corruption
Temple:   nicolae_temple_bog_church

Skill      XL: |  1  2  3  4  5  6  7  8  9 |
---------------+----------------------------+-----
Long Blades    | 4 |  4.0
Maces & Flails | 1 |  1.4
Fighting       | 3 4 5 6 |  6.1
Axes           | 1 2 4 5 6 8 |  8.7
Armour         | 1 3 4 6 7 |  7.4
Dodging        | 4 5 |  5.6
Invocations    | 1 3 4 |  4.5
Stealth        | 1 2 |  2.5
Throwing       | |  2.5

Action                   |  1- 3 |  4- 6 |  7- 9 || total
-------------------------+-------+-------+-------++-------
Melee: Long sword        |    15 |       |       ||    15
       Headbutt          |     4 |    11 |    26 ||    41
       Morningstar       |    25 |       |     6 ||    31
       War axe           |    28 |    83 |   148 ||   259
       Punch             |       |     3 |     1 ||     4
Throw: Dart              |       |     4 |       ||     4
  Use: Scroll            |       |     6 |     2 ||     8
       Potion            |       |       |     3 ||     3
 Stab: Paralysed         |       |       |     7 ||     7
Armor: Leather armour    |    16 |       |       ||    16
       Ring mail         |     1 |    48 |    84 ||   133
Dodge: Dodged            |    71 |    77 |   134 ||   282
